 Dungeon Crawl Stone Soup version 0.28.0-53-g5a82cb258f (webtiles) character file.

Game seed: 11507279514892276995

478 styxcanada the Covert (level 6, -3/32 HPs)
             Began as a Spriggan Brigand on Aug 16, 2022.
             Slain by a hound (4 damage)
             ... on level 5 of the Dungeon.
             The game lasted 00:14:57 (3932 turns).

styxcanada the Covert (Spriggan Brigand)            Turns: 3932, Time: 00:14:57

Health: -3/32      AC:  3    Str:  7    XL:     6   Next: 86%
Magic:  7/7        EV: 18    Int: 13    God:
Gold:   160        SH:  0    Dex: 18    Spells: 5/5 levels left

rFire   . . .      SeeInvis +   a - +2 dagger
rCold   . . .      Faith    .   (no shield)
rNeg    . . .      Spirit   .   b - +0 robe
rPois   .          Reflect  .   (helmet restricted)
rElec   .          Harm     .   c - +0 cloak
rCorr   .          Rampage  .   (gloves unavailable)
Will    +....                   (boots unavailable)
Stlth   +++++.....              (no amulet)
HPRegen 0.10/turn               (no ring)
MPRegen 0.10/turn               (no ring)

@: mighty, brilliant, flying, very quick
A: very small, no large weapons, unfitting armour, see invisible, speed 3
a: no special abilities


You were on level 5 of the Dungeon.
You visited 1 branch of the dungeon, and saw 5 of its levels.

You collected 160 gold pieces.

Inventory:

Hand Weapons
 a - a +2 dagger (weapon)
 w - a +1 hunting sling of flaming
Missiles
 d - 10 poisoned darts (quivered)
 e - 2 curare-tipped darts
 f - 78 stones
 i - 5 boomerangs
 v - a throwing net
 y - 21 sling bullets
Armour
 b - a +0 robe (worn)
 c - a +0 cloak (worn)
 o - a scarf of shadows
Scrolls
 j - a scroll of fear {unknown}
 k - a scroll of summoning {unknown}
 m - a scroll of torment {unknown}
 n - a scroll of amnesia {unknown}
 q - a scroll of fog {unknown}
 s - a scroll of blinking {unknown}
 x - 2 scrolls of identify {unknown}
Potions
 h - a potion of flight
 p - a potion of might
 r - a potion of degeneration {unknown}
 t - a potion of mutation {unknown}
 u - 3 potions of attraction {unknown}
 z - a potion of haste {unknown}


   Skills:
 * Level 2.5 Fighting
 + Level 3.4 Short Blades
 + Level 1.3(2.5) Slings
 + Level 2.7(2.9) Throwing
 * Level 3.5 Dodging
 * Level 9.9 Stealth


You had 5 spell levels left.
You didn't know any spells.
Your spell library was empty.

Dungeon Overview and Level Annotations

Branches:
Dungeon (4/15)
 Temple: D:4-7

Altars:


Innate Abilities, Weirdness & Mutations

You are very small and have problems with some larger weapons.
You are too small for most types of armour.
You have supernaturally acute eyesight. (SInv)
You cover ground extremely quickly. (Speed+++)


Message History

* * * LOW HITPOINT WARNING * * *
You completely miss the gnoll.
The gnoll is heavily wounded.
The hound completely misses you. The gnoll hits you with a +0 club.
* * * LOW HITPOINT WARNING * * *
You feel better. The hound bites you but does no damage. The hound misses you.
The gnoll hits you with a +0 club.
* * * LOW HITPOINT WARNING * * *
You hit the gnoll but do no damage.
The gnoll is heavily wounded.
The hound completely misses you.
You hit the gnoll but do no damage.
The gnoll is heavily wounded.
The hound bites you.
* * * LOW HITPOINT WARNING * * *
The gnoll barely misses you.
You barely miss the gnoll.
The gnoll is heavily wounded.
The hound closely misses you. The gnoll hits you with a +0 club.
* * * LOW HITPOINT WARNING * * *
The hound misses you.
It was a potion of flight.
You feel very buoyant.
You fly up into the air.
The hound bites you but does no damage. The gnoll completely misses you.
It was a potion of brilliance.
You feel clever all of a sudden. The hound completely misses you.
The gnoll barely misses you. The hound completely misses you.
It was a potion of might.
You feel very mighty all of a sudden. The hound bites you.
* * * LOW HITPOINT WARNING * * *
The gnoll barely misses you.
You barely miss the gnoll.
The gnoll is heavily wounded.
The hound completely misses you. The gnoll hits you with a +0 club.
* * * LOW HITPOINT WARNING * * *
The hound bites you.
You die...

# #####.##############
....=gg@h..........#
#.###.####.#####.#.#
#.###.####...###.#.#####
#....gg....#.##....##...
###...................(
#..##..#.###.........
#..##o....###.#.#####
#.......#.....#.#
#.........#####.#


You could see a hound and 2 gnolls.

Vanquished Creatures
  An ogre (D:5)
  2 phantoms (D:5)
  A water moccasin skeleton (D:5)
  A bullfrog skeleton (D:5)
  Terence (D:2)
  An orc wizard (D:3)
  A killer bee zombie (D:5)
  A hound skeleton (D:5)
  2 adders
  An adder zombie (D:5)
  An adder skeleton (D:4)
  A worm (D:3)
  2 dart slugs (D:1)
  7 orcs (D:3)
  3 ball pythons
  6 endoplasms
  2 giant cockroaches
  7 hobgoblins
  4 quokkas
  3 bats
  3 frilled lizards
  A goblin (D:1)
  3 kobolds
  8 rats
63 creatures vanquished.

Vanquished Creatures (others)
  A fungus (D:3)
  A plant (D:3)
2 creatures vanquished.

Grand Total: 65 creatures vanquished

Notes
Turn   | Place    | Note
-------+----------+-------------------------------------------
     0 | D:1      | styxcanada the Spriggan Brigand began the quest for the
                  | Orb.
     0 | D:1      | Reached XP level 1. HP: 10/10 MP: 2/2
    59 | D:1      | Reached skill level 6 in Stealth
   443 | D:1      | Reached XP level 2. HP: 14/14 MP: 3/3
   735 | D:1      | Reached skill level 7 in Stealth
  1300 | D:2      | Reached XP level 3. HP: 18/18 MP: 4/4
  1403 | D:2      | Noticed Terence
  1406 | D:2      | Killed Terence
  1936 | D:3      | Found a faded altar of an unknown god.
  1994 | D:3      | Reached skill level 8 in Stealth
  1994 | D:3      | Reached XP level 4. HP: 10/23 MP: 5/5
  3059 | D:4      | Noticed an ogre
  3086 | D:4      | Reached XP level 5. HP: 26/26 MP: 6/6
  3088 | D:4      | You fall into a shaft and drop 1 floor!
  3088 | D:5      | Entered Level 5 of the Dungeon
  3163 | D:5      | Noticed an ogre
  3165 | D:5      | Killed an ogre
  3166 | D:5      | Reached skill level 9 in Stealth
  3230 | D:5      | Noticed a phantom
  3235 | D:5      | Killed a phantom
  3236 | D:5      | Reached XP level 6. HP: 30/30 MP: 7/7
  3805 | D:5      | Reached skill level 1 in Slings
  3924 | D:5      | HP: 1/32 [gnoll/+0 club (4)]
  3932 | D:5      | HP: 1/32 [gnoll/+0 club (1)]
  3932 | D:5      | Slain by a hound

Illustrated notes

Levels and vault maps discovered:
D:1:      giann_horns, layout_basic, minmay_pentomino_z2
D:2:      layout_loops_ring, uniq_terence
D:3:      layout_rooms, shapermc_ecumenical_altar_mp_ritualfount
D:4:      layout_basic, nicolae_figureground_pulse
D:5:      layout_loops_ring

Skill      XL: |  1  2  3  4  5  6 |
---------------+-------------------+-----
Stealth        | 6 7 8 9 |  9.9
Dodging        | 2 3 |  3.5
Fighting       | 2 |  2.5
Short Blades   | 3 |  3.4
Slings         | 1 |  1.3
Throwing       | |  2.7

Action                   |  1- 3 |  4- 6 || total
-------------------------+-------+-------++-------
Melee: Dagger            |    54 |   115 ||   169
 Fire: Hunting sling     |       |    33 ||    33
Throw: Dart              |    20 |    23 ||    43
  Use: Potion            |       |     5 ||     5
 Stab: Sleeping          |    21 |    10 ||    31
Armor: Robe              |     3 |    15 ||    18
Dodge: Dodged            |    19 |    84 ||   103
